 Dungeon Crawl Stone Soup version 0.28.0-62-gf88900778d (webtiles) character file.

Game seed: 10249605583839686704

553513 cbfl8 the Minotaur Barricade (level 25, -8/257 HPs)
             Began as a Minotaur Berserker on Nov 16, 2023.
             Was the Champion of Trog.
             Killed from afar by an acid blob (23 damage)
             ... with a splash of acid
             ... created by the Royal Jelly
             ... on level 5 of the Pits of Slime on Dec 3, 2023.
             The game lasted 02:28:07 (94580 turns).

cbfl8 the Minotaur Barricade (Minotaur Berserker)  Turns: 94580, Time: 02:28:08

Health: -8/257     AC: 31    Str: 29    XL:     25   Next: 12%
Magic:  1/7        EV: 10    Int: 10    God:    Trog [******]
Gold:   1579       SH: 34    Dex: 30    Spells: 24/24 levels left

rFire   + . .      SeeInvis .   V - +3 broad axe (antimagic)
rCold   + + +      Faith    .   G - +0 tower shield
rNeg    . . .      Spirit   .   j - +5 gold dragon scales of Soft Rains {rPois rF+ rC+ Int+4 Dex+3}
rPois   +          Reflect  +   N - +2 hat {Stlth+}
rElec   +          Harm     .   t - +2 cloak {Will+}
rCorr   .          Rampage  +   x - +2 pair of gloves
Will    ++...                   J - +0 pair of boots {rampage}
Stlth   ..........              c - amulet of reflection
HPRegen 0.52/turn               M - ring of the Shining Light {rC+ Dex+6}
MPRegen 0.10/turn               W - ring of Giaw {Fly rElec rC+++ Str+4 Dex+4}

@: engulfed (cannot breathe), corroded, on berserk cooldown, flying, slowed,
studying 2 skills, very slow
A: horns 2, retaliatory headbutt, clever 1, clumsy 1
}: 3/15 runes: barnacled, silver, gossamer
a: Renounce Religion, Berserk, Trog's Hand, Brothers in Arms


You were on level 5 of the Pits of Slime.
You worshipped Trog.
Trog was exalted by your worship.
You visited 10 branches of the dungeon, and saw 49 of its levels.
You visited the Abyss 1 time.
You visited 1 bazaar.
You also visited: Sewer, Ossuary, Bailey, Ice Cave and Volcano.

You collected 8126 gold pieces.
You spent 6547 gold pieces at shops.

Inventory:

Hand Weapons
 F - a +8 broad axe of electrocution
 V - a +3 antimagic broad axe (weapon)
Armour
 j - the +5 gold dragon scales of Soft Rains (worn) {rPois rF+ rC+ Int+4 Dex+3}
   (You bought it in a shop on level 1 of the Depths)

   Int:       It affects your intelligence (+4).
   Dex:       It affects your dexterity (+3).
   rF:        It protects you from fire.
   rC:        It protects you from cold.
   rPois:     It protects you from poison.
 t - a +2 cloak of willpower (worn)
 x - a +2 pair of gloves (worn)
 G - a +0 tower shield (worn)
 J - a +0 pair of boots of rampaging (worn)
 N - a +2 hat of stealth (worn)
Jewellery
 c - an amulet of reflection (around neck)
 M - the ring of the Shining Light (left hand) {rC+ Dex+6}
   (You took it off a deep elf knight on level 3 of the Elven Halls)

   [ring of dexterity]

   Dex:       It affects your dexterity (+6).
   rC:        It protects you from cold.
 W - the ring of Giaw (right hand) {Fly rElec rC+++ Str+4 Dex+4}
   (You took it off a deep elf pyromancer on level 3 of the Elven Halls)

   [ring of flight]

   Str:       It affects your strength (+4).
   Dex:       It affects your dexterity (+4).
   rC:        It renders you almost immune to cold.
   rElec:     It insulates you from electricity.
   Fly:       It grants you flight.
Wands
 h - a wand of iceblast (63)
 k - a wand of paralysis (5)
 m - a wand of digging (21)
 q - a wand of flame (51)
 z - a wand of mindburst (4)
 H - a wand of polymorph (15)
 R - a wand of charming (12)
 T - a wand of acid (9) (quivered)
Scrolls
 a - 2 scrolls of magic mapping
 b - 18 scrolls of identify
 g - 5 scrolls of silence
 n - a scroll of brand weapon
 o - 8 scrolls of noise
 p - 15 scrolls of teleportation
 v - 2 scrolls of fear
 B - 10 scrolls of fog
 K - a scroll of summoning
Potions
 f - 22 potions of curing
 i - 2 potions of resistance
 l - 3 potions of cancellation
 r - 12 potions of ambrosia
 s - 4 potions of invisibility
 C - 4 potions of berserk rage
 D - 4 potions of might
 E - 7 potions of haste
 L - 22 potions of mutation
Miscellaneous
 I - a condenser vane
 O - a box of beasts
 P - a lightning rod (4/4)
 Q - a tin of tremorstones (1/2)
 S - a piece from Xom's chessboard (15/15)
 U - a phial of floods


   Skills:
 O Level 27 Fighting
 - Level 18.3 Axes
 + Level 26.1 Armour
 + Level 2.1 Dodging
 + Level 2.1 Stealth
 O Level 27 Shields
 * Level 18.8 Evocations


You had 24 spell levels left.
You didn't know any spells.
Your spell library was empty.

Dungeon Overview and Level Annotations

Branches:
Dungeon (15/15)            Temple (0/1) D:6            Lair (6/6) D:9
 Shoals (4/4) Lair:4       Spider (4/4) Lair:4        Slime (5/5) Lair:5
    Orc (2/2) D:12            Elf (3/3) Orc:2        Vaults (5/5) D:14
  Crypt (0/3) Vaults:2     Depths (4/4) D:15            Zot (1/5) Depths:4
  Sewer (visited)         Ossuary (visited)          Bailey (visited)
  IceCv (visited)         Volcano (visited)

Altars:
Elyvilon
Gozag
Hepliaklqana
Kikubaaqudgha
Makhleb
Nemelex Xobeh
Qazlal
Ru
Vehumet
Wu Jian
Xom
Jiyva

Shops:
D:4 *   D:8 *!?=   D:12 *   D:14 [   Orc:2 *[((=   Elf:1 [==:?=   Vaults:1 *
Vaults:2 !   Depths:1 [

Portals:
Hell: Depths:1 Depths:2 Depths:3 Depths:4
Abyss: Depths:1 Depths:3 Depths:4
Pandemonium: Depths:2 Depths:4
Ziggurat: Depths:4

Annotations:
Vaults:4 Mara


Innate Abilities, Weirdness & Mutations

You have a pair of horns on your head.
You reflexively headbutt those who attack you in melee.
Your mind is acute. (Int +2)
You are clumsy. (Dex -2)


Message History

You block the acid blob's attack. The quicksilver ooze hits you.
The quicksilver ooze engulfs you!
You block the quicksilver ooze's attack.
You cannot read scrolls while unable to breathe!
Okay, then.
Okay, then.
You cannot read scrolls while unable to breathe!
The tremorstone explodes into fragments!
The burst of rock shards engulfs the acid blob!
The burst of rock shards engulfs the acid blob!!
The burst of rock shards engulfs you but does no damage.
The burst of rock shards engulfs the quicksilver ooze!
The burst of rock shards engulfs the azure jelly!
Your attack snaps the azure jelly out of its fear.
The burst of rock shards engulfs the quicksilver ooze!
The burst of rock shards engulfs the acid blob!! x2
* * * LOW HITPOINT WARNING * * *
Your lungs strain for air!
The acid blob spits acid at you. The splash of acid hits you!!
* * * LOW HITPOINT WARNING * * *
The acid corrodes you!
You block the quicksilver ooze's attack. x2
The quicksilver ooze hits you. The quicksilver ooze barely misses you.
You block the quicksilver ooze's attack.
The quicksilver ooze hits you but does no damage.
The acid blob spits acid at you.
The splash of acid reflects off an invisible shield around you!
The splash of acid hits the acid blob.
The acid blob completely resists.
The quicksilver ooze hits you.
The quicksilver ooze hits you but does no damage.
Unknown command.
Okay, then.
You feel better.
* * * LOW HITPOINT WARNING * * *
Your lungs strain for air!
You block the quicksilver ooze's attack. x4
The acid blob spits acid at you. The splash of acid hits you!!
You die...

##.....#.##. ##
#.....#....# #.##
##...........
#..####.......<....
##...##.........J...
###..............J....
#.#...................
##.....J...............
##.....@J...............
#.......J...............
#..........J............
#.......................
##......................
##.....................
#.
##....................
#.
###....................
#.#
##......................


You could see an acid blob, an azure jelly and 2 quicksilver oozes.

Vanquished Creatures
  Dissolution (Lair:5)
  the Royal Jelly (Slime:5)
  2 dread liches (Vaults:5)
  An ancient lich (Vaults:3)
  A juggernaut (Depths:3)
  Sojobo (Depths:3)
  Bai Suzhen (Elf:3)
  3 golden dragons
  Nikola (Vaults:3)
  the Enchantress (Depths:3)
  Jory (Vaults:3)
  A walking crystal tome (Depths:1)
  4 tentacled monstrosities
  3 titans (Vaults:5)
  2 quicksilver dragons
  3 deep elf master archers (Elf:3)
  An eldritch tentacle (Elf:2)
  4 krakens
  17 acid blobs
  A deep elf blademaster (Elf:3)
  5 sphinxes
  4 shadow dragons
  3 storm dragons (Vaults:5)
  10 tengu reavers
  7 azure jellies
  Roxanne (Shoals:3)
  8 rockslimes
  An iron dragon (shapeshifter) (Depths:2)
  6 frost giants
  Aizul (Vaults:4)
  4 orc warlords
  6 deep elf sorcerers
  5 ghost moths
  6 emperor scorpions
  6 fire giants
  3 deep elf elementalists (Elf:3)
  A draconian shifter (Depths:4)
  22 vault wardens
  19 ironbound preservers
  A curse skull (Vaults:2)
  2 reapers
  8 quicksilver oozes
  8 war gargoyles
  20 stone giants
  2 broodmothers (Spider:3)
  A green draconian (Depths:4)
  4 spriggan defenders
  A draconian annihilator (Depths:4)
  3 vampire knights
  Nessos (Orc:2)
  6 ironbound thunderhulks
  5 deep elf demonologists
  41 very ugly things
  An entropy weaver (shapeshifter) (Depths:2)
  6 entropy weavers
  2 red draconians (Depths:4)
  7 dire elephants
  9 spark wasps
  8 deep elf annihilators
  A spark wasp (shapeshifter) (Vaults:5)
  2 purple draconians (Depths:4)
  A yellow draconian (Depths:4)
  9 ettins
  A minotaur (shapeshifter) (Depths:2)
  2 blizzard demons (Depths:2)
  An ettin (shapeshifter) (Vaults:5)
  An iron golem (Depths:2)
  2 crystal guardians (Vaults:2)
  8 deep elf death magi
  3 merfolk javelineers
  6 great orbs of eyes
  15 yaktaur captains
  8 deep elf high priests
  4 merfolk impalers
  9 fire dragons
  A fire dragon (shapeshifter) (Depths:2)
  A great orb of eyes (shapeshifter) (Depths:2)
  Fannar (Lair:2)
  39 vault guards
  5 spriggan air magi
  13 boulder beetles
  6 ice dragons
  A peacekeeper (Vaults:2)
  An anaconda (shapeshifter) (Depths:2)
  11 hydras
  14 ironbound frosthearts
  4 ogre magi
  A death knight (Vaults:2)
  22 centaur warriors
  4 merfolk aquamancers
  A radroach (Spider:2)
  2 alligator snapping turtles
  2 catoblepae
  6 merfolk avatars
  42 dancing weapons
  7 two-headed ogres
  2 vampire magi
  3 jorogumos
  2 satyrs
  10 death yaks
  10 deep troll earth magi
  A death yak (shapeshifter) (Depths:2)
  6 deep troll shamans (Depths:1)
  6 tengu warriors
  4 spriggans
  7 orc high priests
  7 spriggan berserkers
  24 deep elf knights
  A storm dragon zombie (D:15)
  5 hell knights (Vaults:5)
  A sun demon (Depths:4)
  3 skeletal warriors (D:14)
  2 steelbarb worms (Spider:4)
  Sonja (Orc:2)
  9 iron trolls
  8 pharaoh ants
  A sun moth (Spider:4)
  5 obsidian statues
  13 sea snakes
  68 deep trolls
  8 orb spiders
  An orb spider (shapeshifter) (Depths:1)
  2 flayed ghosts
  4 lindwurms
  A shadow dragon zombie (D:15)
  8 wizards
  7 glowing orange brains
  9 deep elf archers
  5 phantasmal warriors
  4 necromancers
  18 harpies
  20 ironbound convokers
  26 wolf spiders
  36 deep elf zephyrmancers
  24 manticores
  41 deep elf pyromancers
  15 fauns
  14 orc knights
  41 ugly things
  A fire giant zombie (D:15)
  3 orc sorcerers
  8 cyclopes
  3 salamanders
  6 merfolk sirens
  2 cyclopes (shapeshifter)
  An elephant (shapeshifter) (Depths:1)
  3 shining eyes
  An eye of devastation (Slime:4)
  Joseph (D:10)
  2 moths of wrath (Spider:2)
  Maurice (Orc:2)
  13 elephants
  25 vault sentinels
  A stone giant skeleton (D:15)
  A water nymph (shapeshifter) (Depths:2)
  A guardian serpent (Lair:6)
  A guardian serpent (shapeshifter) (Depths:2)
  A rust devil (Depths:4)
  6 torpor snails
  An ice statue (IceCv)
  4 water nymphs
  5 molten gargoyles
  An unseen horror (D:13)
  9 black mambas
  2 gargoyles (Volcano)
  20 cane toads
  An unseen horror (shapeshifter) (Elf:1)
  2 kobold demonologists
  6 rime drakes
  3 freezing wraiths
  7 demonic crawlers
  2 efreet (D:14)
  A komodo dragon (shapeshifter) (Depths:2)
  2 tengu conjurers
  12 komodo dragons
  40 yaktaurs
  2 hellwings (Depths:4)
  3 ice devils
  6 trolls
  A red devil (Depths:4)
  20 merfolk
  A wind drake (shapeshifter) (Depths:2)
  9 meliai
  A hornet (shapeshifter) (Depths:2)
  9 hornets
  11 polar bears
  11 wind drakes
  84 slime creatures
  30 tarantellas
  17 dream sheep
  23 blink frogs
  8 snapping turtles
  A jumping spider (shapeshifter) (Vaults:3)
  19 jumping spiders
  4 air elementals
  A centaur simulacrum (D:14)
  22 water elementals
  Sigmund (D:4)
  12 culicivoras
  A ynoxinul (Depths:4)
  14 wyverns
  A culicivora (shapeshifter) (Vaults:5)
  2 basilisks (shapeshifter)
  3 wraiths
  A wyvern (shapeshifter) (Depths:2)
  13 fire elementals
  68 yaks
  13 golden eyes
  8 basilisks
  Grum (Lair:1)
  66 redbacks
  11 vampire mosquitoes (D:12)
  6 steam dragons
  A warg (shapeshifter) (Vaults:5)
  4 wargs
  2 spatial vortices (Elf:2)
  An acid dragon (D:13)
  8 hydra simulacra (Depths:3)
  28 water moccasins
  2 floating eyes (Depths:1)
  Edmund (D:4)
  A floating eye (shapeshifter) (Vaults:3)
  41 orc warriors
  An ice beast (D:4)
  3 sky beasts
  A necrophage (D:6)
  37 wolves
  7 ogres
  4 centaurs
  11 bullfrogs
  5 kobold brigands
  12 earth elementals
  2 scorpions
  2 water moccasin skeletons
  12 killer bees (D:8)
  5 howler monkeys
  4 wights (D:8)
  An electric eel (Spider:1)
  10 jellies
  6 centaur zombies
  4 hounds
  A centaur skeleton (D:4)
  8 orc priests
  Crazy Yiuf (D:4)
  3 gnoll shamans
  Jessica (D:2)
  3 iguanas
  21 orc wizards
  Natasha (thrice) (D:2)
  12 mummies
  Robin (D:3)
  8 adders
  15 gnolls
  A howler monkey skeleton (D:7)
  2 river rats (Sewer)
  A shadow imp (D:7)
  A white imp (D:8)
  An ufetubus (D:6)
  2 dart slugs (D:1)
  4 worms
  57 orcs
  10 endoplasms
  9 giant cockroaches
  A giant cockroach (shapeshifter) (Depths:2)
  22 goblins
  7 hobgoblins
  2 jackals (D:1)
  5 quokkas
  5 ball pythons
  5 bats
  4 frilled lizards
  A gnoll skeleton (Ossuary)
  3 goblin skeletons (Ossuary)
  27 kobolds
  3 kobold skeletons (Ossuary)
  An orc skeleton (Ossuary)
  4 rats
  11 rat skeletons (Ossuary)
  9 tentacles
2238 creatures vanquished.

Vanquished Creatures (collateral kills)
  A golden dragon (Vaults:5)
  A fire giant (Vaults:3)
  A vault warden (Vaults:3)
  A frost giant (Vaults:5)
  2 vault guards (Vaults:5)
  An ugly thing (Vaults:3)
7 creatures vanquished.

Vanquished Creatures (others)
  A draconian shifter (Depths:4)
  A spriggan defender (Depths:3)
  A rakshasa (Depths:1)
  A dancing weapon (Elf:2)
  A deep elf knight (Elf:1)
  3 deep elf pyromancers
  2 manticores
  3 air elementals (Depths:2)
  A water elemental (Elf:2)
  A sky beast (D:12)
  An orc (Vaults:5)
  A goblin (D:4)
  11 ball lightnings (Depths:2)
  53 fungi
  164 plants
  15 tentacles
260 creatures vanquished.

Grand Total: 2505 creatures vanquished

Notes
Turn   | Place    | Note
-------+----------+-------------------------------------------
     0 | D:1      | cbfl8 the Minotaur Berserker began the quest for the Orb.
     0 | D:1      | Reached XP level 1. HP: 19/19 MP: 0/0
   238 | D:1      | Found a faded altar of an unknown god.
   344 | D:1      | Reached XP level 2. HP: 27/27 MP: 1/1
   562 | D:1      | Reached skill level 1 in Shields
   995 | D:1      | Reached XP level 3. HP: 27/33 MP: 2/2
  1059 | D:1      | Reached ** piety under Trog
  1507 | D:2      | Reached skill level 1 in Evocations
  1835 | D:2      | Noticed Natasha
  1843 | D:2      | Killed Natasha
  1844 | D:2      | Reached XP level 4. HP: 20/40 MP: 3/3
  2129 | D:2      | Noticed Natasha
  2136 | D:2      | Killed Natasha
  2327 | D:2      | Noticed Natasha
  2342 | D:2      | Killed Natasha
  2343 | D:2      | Reached skill level 5 in Axes
  2626 | D:2      | Reached XP level 5. HP: 42/47 MP: 4/4
  2707 | D:2      | Noticed Jessica
  2711 | D:2      | Killed Jessica
  3442 | D:3      | Reached XP level 6. HP: 53/53 MP: 5/5
  3657 | D:3      | Noticed a steam dragon
  3671 | D:3      | Killed a steam dragon
  4424 | D:3      | You fall into a shaft and drop 1 floor!
  4436 | D:4      | Reached skill level 5 in Fighting
  4524 | D:4      | Found Viphes's General Store.
  4579 | D:4      | Found a runed translucent door.
  4580 | D:4      | Noticed Crazy Yiuf
  4658 | D:4      | Reached XP level 7. HP: 25/61 MP: 6/6
  5120 | D:3      | Noticed Robin
  5135 | D:3      | Killed Robin
  6081 | D:4      | Noticed Sigmund
  6105 | D:4      | Killed Sigmund
  6434 | D:4      | Reached XP level 8. HP: 68/70 MP: 7/7
  6544 | D:4      | Noticed Edmund
  6561 | D:4      | Killed Edmund
  6834 | D:4      | Found an ornate altar of the Wu Jian Council.
  6835 | D:4      | Found a radiant altar of Vehumet.
  6940 | D:4      | Killed Crazy Yiuf
  7109 | D:5      | Entered Level 5 of the Dungeon
  7340 | D:5      | Reached *** piety under Trog
  8095 | D:6      | Found a sacrificial altar of Ru.
  8130 | D:6      | Reached skill level 5 in Shields
  8243 | D:6      | Found a sparkling altar of Nemelex Xobeh.
  8398 | D:6      | Found a glowing drain.
  8406 | Sewer    | Entered a sewer
  8502 | Sewer    | Reached skill level 5 in Armour
  8646 | Sewer    | Found a white marble altar of Elyvilon.
  8771 | D:6      | Reached XP level 9. HP: 67/78 MP: 8/8
  9074 | D:6      | Found a burning altar of Makhleb.
  9079 | D:6      | Found a hazy altar of Hepliaklqana.
  9083 | D:6      | Found an opulent altar of Gozag.
  9124 | D:6      | Found a staircase to the Ecumenical Temple.
  9433 | D:7      | Reached skill level 10 in Axes
  9436 | D:7      | Reached **** piety under Trog
  9548 | D:7      | Found a sand-covered staircase.
  9556 | Ossuary  | Entered an ossuary
 11688 | D:8      | Found Lean's Antique Armour Emporium.
 11722 | D:8      | Found Goedex's Jewellery Emporium.
 11739 | D:8      | Reached skill level 5 in Evocations
 11922 | D:8      | Found Uczaloqe's Magic Scroll Shoppe.
 11979 | D:8      | Bought a scroll of teleportation for 42 gold pieces
 11979 | D:8      | Bought 3 scrolls of identify for 84 gold pieces
 11979 | D:8      | Bought a scroll of identify for 28 gold pieces
 11979 | D:8      | Bought a scroll of blinking for 105 gold pieces
 11982 | D:8      | Identified a scroll of acquirement
 11984 | D:8      | Acquired the ring "Ceutt" {Fly Will+ Str+6}
 12038 | D:8      | Found a large runed translucent door.
 12039 | D:8      | Found a large runed translucent door.
 12380 | D:8      | Found Ralugudi's Assorted Antiques.
 12974 | D:8      | Found Zegojoell's Distillery.
 12979 | D:8      | Reached ***** piety under Trog
 12980 | D:8      | Reached XP level 10. HP: 86/86 MP: 9/9
 13114 | D:8      | Bought a potion of might for 44 gold pieces
 13180 | D:8      | Found a stormy altar of Qazlal.
 13202 | D:8      | Found an ancient bone altar of Kikubaaqudgha.
 13268 | D:9      | Noticed a two-headed ogre
 13280 | D:9      | Killed a two-headed ogre
 13488 | D:9      | Found a flagged portal.
 13500 | Bailey   | Entered a bailey
 13611 | Bailey   | Noticed an orc knight
 13780 | Bailey   | Noticed an orc knight
 13910 | Bailey   | Identified the +1 robe "Jiruegag" {rC+}
 13938 | Bailey   | Killed an orc knight
 14203 | Bailey   | Killed an orc knight
 14389 | Bailey   | Received a gift from Trog
 14593 | D:9      | Reached XP level 11. HP: 56/95 MP: 10/10
 14924 | D:9      | Found a staircase to the Lair.
 14997 | D:10     | Entered Level 10 of the Dungeon
 15220 | D:10     | Noticed Joseph
 15234 | D:10     | Killed Joseph
 15689 | D:8      | Bought a scroll of blinking for 255 gold pieces
 16053 | D:10     | Noticed a two-headed ogre
 16059 | D:10     | Killed a two-headed ogre
 16386 | D:10     | Identified the +9 chain mail "Vaidoock" {rC- Will++ Int+5}
 16408 | D:11     | Noticed a red ugly thing
 16409 | D:11     | Noticed an eight-headed hydra
 16419 | D:10     | Killed a red ugly thing
 16766 | D:11     | Found a frozen archway.
 16785 | IceCv    | Entered an ice cave
 16998 | IceCv    | Noticed a death yak
 16998 | IceCv    | Noticed a death yak
 16998 | IceCv    | Noticed a death yak
 17004 | IceCv    | Killed a death yak
 17008 | IceCv    | Killed a death yak
 17009 | IceCv    | Killed a death yak
 17355 | IceCv    | Reached XP level 12. HP: 46/106 MP: 11/11
 17662 | IceCv    | Reached skill level 10 in Fighting
 17790 | IceCv    | Reached skill level 10 in Armour
 18549 | IceCv    | Noticed an ironbound frostheart
 18549 | IceCv    | Noticed a death yak
 18549 | IceCv    | Noticed an ironbound frostheart
 18729 | IceCv    | Killed a death yak
 18799 | IceCv    | Killed an ironbound frostheart
 18979 | IceCv    | Reached skill level 15 in Axes
 18981 | IceCv    | Killed an ironbound frostheart
 18982 | IceCv    | Reached skill level 10 in Shields
 19285 | D:11     | Killed a ten-headed hydra
 19511 | D:11     | Noticed a six-headed hydra
 19520 | D:11     | Killed a ten-headed hydra
 19838 | D:12     | Noticed a boulder beetle
 19845 | D:12     | Killed a boulder beetle
 19869 | D:12     | Noticed a tengu warrior
 19870 | D:12     | Noticed a boulder beetle
 19940 | D:11     | Killed a tengu warrior
 19954 | D:11     | Killed a boulder beetle
 19992 | D:12     | Found a staircase to the Orcish Mines.
 20005 | D:12     | Found Vokes's General Store.
 20615 | D:12     | Reached XP level 13. HP: 116/116 MP: 12/12
 21071 | D:12     | Identified the +5 dagger of the Revolution {freeze, rElec
                  | rPois Int-4}
 21394 | D:13     | Identified the +0 war axe of Responsibility {vorpal, rElec
                  | Str-4 Int+10 Dex-3}
 21451 | D:13     | Found a flickering gateway to a bazaar.
 21470 | Bazaar   | Entered a bazaar
 21470 | Bazaar   | Found Sioczipo's Jewellery Emporium.
 21470 | Bazaar   | Found Dujeabai's Book Shop.
 21553 | Bazaar   | Found Huweck's Magic Scroll Shop.
 21567 | Bazaar   | Found Pieffuno's General Store.
 21597 | Bazaar   | Bought a scroll of teleportation for 45 gold pieces
 21597 | Bazaar   | Bought a scroll of blinking for 112 gold pieces
 21597 | Bazaar   | Bought a scroll of teleportation for 45 gold pieces
 21597 | Bazaar   | Bought a scroll of teleportation for 45 gold pieces
 21612 | Bazaar   | Bought a scroll of identify for 28 gold pieces
 22158 | D:14     | Found Coniagal's Armour Shop.
 23066 | D:14     | Found a white marble altar of Elyvilon.
 23319 | D:14     | Received a gift from Trog
 23324 | D:14     | Identified the +1 plate armour of Reason {Contam rPois rC+
                  | rN+}
 23328 | D:14     | Noticed an ironbound preserver
 23332 | D:14     | Found a gate to the Vaults.
 23339 | D:14     | Killed an ironbound preserver
 23787 | D:14     | Bought a +0 kite shield for 49 gold pieces
 23817 | D:15     | Entered Level 15 of the Dungeon
 23817 | D:15     | Found a shimmering altar of Xom.
 23821 | D:15     | Found a staircase to the Depths.
 24236 | D:15     | Reached XP level 14. HP: 94/125 MP: 13/13
 25933 | D:15     | Reached skill level 10 in Evocations
 26107 | Orc:1    | Entered Level 1 of the Orcish Mines
 26187 | Orc:2    | Entered Level 2 of the Orcish Mines
 26187 | Orc:2    | Noticed Sonja
 26187 | Orc:2    | Found a staircase to the Elven Halls.
 26188 | Orc:2    | Noticed Nessos
 26202 | Orc:2    | Killed Nessos
 26270 | Orc:2    | Killed Sonja
 26300 | Orc:2    | Found Wireoc's Weapon Shop.
 26387 | Orc:2    | Found Xofosape's Jewellery Emporium.
 26417 | Orc:2    | Noticed Maurice
 26450 | Orc:2    | Killed Maurice
 26492 | Orc:2    | Found a dark tunnel.
 26499 | Volcano  | Entered a volcano
 26570 | Volcano  | Noticed an orb of fire
 26602 | Volcano  | Noticed an orb of fire
 27165 | Orc:2    | Noticed an orc warlord
 27196 | Orc:2    | Killed an orc warlord
 28541 | Orc:2    | Reached skill level 15 in Shields
 29108 | Orc:2    | Found Xeghymp's Antique Armour Boutique.
 29116 | Orc:2    | Bought a pair of glowing gloves for 300 gold pieces
 29151 | Orc:2    | Found Sacsunyi's Antique Weapon Shop.
 29203 | Orc:2    | Gained mutation: Your magical capacity is low. (-10% MP) [a
                  | neqoxec]
 29304 | Orc:2    | Found Nosieq's General Store.
 29567 | Orc:2    | Bought a scroll of identify for 34 gold pieces
 29567 | Orc:2    | Bought a wand of paralysis (7) for 153 gold pieces
 29703 | D:8      | Bought a scroll of blinking for 105 gold pieces
 29845 | Orc:2    | Bought the ring "Suscha Waynu" {rF+ Str+5} for 680 gold
                  | pieces
 30005 | Lair:1   | Entered Level 1 of the Lair of Beasts
 30064 | Lair:1   | Reached XP level 15. HP: 134/134 MP: 12/12
 30186 | Lair:1   | Noticed Grum
 30207 | Lair:1   | Killed Grum
 30335 | Lair:1   | Reached ****** piety under Trog
 30335 | Lair:1   | Received a gift from Trog
 30544 | Lair:1   | Identified the ring of the Jumping Traitor {rCorr MP+9
                  | Str+4 Dex-4}
 30973 | Lair:2   | Noticed Fannar
 30983 | Lair:2   | Killed Fannar
 32643 | Lair:4   | Found a staircase to the Shoals.
 32721 | Lair:4   | Found a hole to the Spider Nest.
 32726 | Lair:4   | Received a gift from Trog
 34023 | Lair:5   | Found a staircase to the Slime Pits.
 34027 | Lair:5   | Found a viscous altar of Jiyva.
 34912 | Lair:6   | Entered Level 6 of the Lair of Beasts
 34924 | Lair:6   | Received a gift from Trog
 35891 | Lair:6   | Reached XP level 16. HP: 123/146 MP: 13/13
 35933 | Lair:6   | Paralysed by a hornet for 2 turns
 36685 | Lair:6   | Received a gift from Trog
 36877 | Lair:6   | Identified the amulet of Dilului {RegenMP Harm Fragile
                  | Str+4}
 37189 | Lair:6   | Identified the +6 great sword of the Median {vorpal,
                  | Will++}
 37323 | Shoals:1 | Entered Level 1 of the Shoals
 37551 | D:4      | Bought a +2 cloak of willpower for 301 gold pieces
 37799 | Shoals:1 | You are sucked into a shaft and drop 1 floor!
 37957 | Shoals:3 | Reached skill level 15 in Fighting
 38834 | Shoals:1 | Noticed a kraken
 38843 | Shoals:1 | Killed a kraken
 39613 | Shoals:2 | Noticed a kraken
 39622 | Shoals:2 | Killed a kraken
 41791 | Shoals:3 | Reached XP level 17. HP: 111/157 MP: 14/14
 42474 | Shoals:3 | Identified Roxanne's Catalogue of Clay
 42474 | Shoals:3 | Noticed Roxanne
 42487 | Shoals:3 | Killed Roxanne
 43015 | Shoals:4 | Entered Level 4 of the Shoals
 43152 | Shoals:4 | Received a gift from Trog
 43667 | Shoals:4 | Reached skill level 15 in Armour
 44158 | Shoals:4 | Noticed a kraken
 44167 | Shoals:4 | Killed a kraken
 45254 | Shoals:4 | Noticed a kraken
 45270 | Shoals:4 | Killed a kraken
 45279 | Shoals:4 | Got a barnacled rune of Zot
 45630 | Spider:1 | Entered Level 1 of the Spider Nest
 46301 | Spider:1 | Received a gift from Trog
 48281 | Spider:2 | Received a gift from Trog
 49402 | Spider:3 | Reached XP level 18. HP: 168/168 MP: 15/15
 51423 | Spider:4 | Entered Level 4 of the Spider Nest
 51566 | Spider:3 | Received a gift from Trog
 51799 | Spider:4 | Identified the +6 halberd "Xaivaby" {flame, rPois Int+2}
 53595 | Spider:4 | Received a gift from Trog
 54006 | Spider:4 | Got a gossamer rune of Zot
 54603 | Vaults:1 | Entered Level 1 of the Vaults
 55405 | Vaults:1 | Received a gift from Trog
 55925 | Vaults:1 | Found Viruv's Assorted Antiques.
 55933 | Vaults:1 | Bought a potion of heal wounds for 185 gold pieces
 55990 | Vaults:1 | Reached XP level 19. HP: 175/179 MP: 16/16
 57884 | Vaults:2 | Found Lecket's Distillery.
 57945 | Vaults:2 | Received a gift from Trog
 59651 | Vaults:2 | Found a staircase to the Crypt.
 59658 | Vaults:2 | Identified the +14 war axe of the Evening {vorpal, rPois
                  | rC- Will+++ SInv} (Trog gifted it to you on level 2 of the
                  | Vaults)
 59658 | Vaults:2 | Received a gift from Trog
 61119 | Vaults:3 | Identified the +6 scale mail "Deceut" {rPois rN++ Int+3}
 61388 | Vaults:3 | Reached XP level 20. HP: 160/191 MP: 17/17
 61697 | Vaults:3 | Noticed Nikola
 61711 | Vaults:3 | Killed Nikola
 61711 | Vaults:3 | Received a gift from Trog
 63444 | Vaults:3 | Identified the amulet "Raijur" {Regen+ Str+4 Int+2 Dex-5}
 63730 | Vaults:3 | Identified the +8 spear of Callousness {drain, +Blink rElec
                  | Str+3 Dex-3 Stlth+}
 63741 | Vaults:3 | Noticed Jory
 63744 | Vaults:3 | Received a gift from Trog
 63762 | Vaults:3 | Killed Jory
 64033 | Vaults:3 | Noticed a golden dragon
 64045 | Vaults:3 | Killed a golden dragon
 64050 | Vaults:3 | Reached skill level 1 in Stealth
 64362 | Vaults:3 | Noticed an ancient lich
 64375 | Vaults:3 | Killed an ancient lich
 64380 | Vaults:3 | Identified the +7 dagger of the Well-Known Hosts {pain,
                  | Int+5}
 65172 | Vaults:4 | Noticed Mara
 65194 | Vaults:4 | Noticed cbfl8's illusion
 65523 | Vaults:4 | Received a gift from Trog
 65675 | Vaults:4 | Noticed Aizul
 65698 | Vaults:4 | Killed Aizul
 65932 | Vaults:4 | Reached skill level 27 in Shields
 65936 | Vaults:4 | Reached XP level 21. HP: 165/201 MP: 17/17
 66242 | Vaults:4 | Reached skill level 15 in Evocations
 66648 | Vaults:4 | Received a gift from Trog
 67489 | Vaults:5 | Entered Level 5 of the Vaults
 67898 | D:4      | Bought a potion of might for 56 gold pieces
 68022 | D:8      | Bought a potion of ambrosia for 88 gold pieces
 68022 | D:8      | Bought a potion of haste for 110 gold pieces
 68022 | D:8      | Bought a potion of ambrosia for 88 gold pieces
 68022 | D:8      | Bought a potion of haste for 110 gold pieces
 68022 | D:8      | Bought a potion of mutation for 88 gold pieces
 68588 | Vaults:5 | Identified the +0 ring mail of Kocziad {rElec Will- Int+3}
 68654 | Vaults:5 | Received a gift from Trog
 68979 | Vaults:5 | Noticed a dread lich
 68998 | Vaults:5 | Killed a dread lich
 69330 | Vaults:5 | Got a silver rune of Zot
 70142 | Vaults:5 | Identified the ring of Ocak {Int+6 SInv}
 70273 | Vaults:5 | Received a gift from Trog
 71053 | Vaults:5 | Noticed a golden dragon
 71079 | Vaults:5 | Killed a golden dragon
 71080 | Vaults:5 | Reached XP level 22. HP: 67/217 MP: 18/18
 71113 | Vaults:5 | Noticed a dread lich
 71773 | Vaults:5 | Identified the +6 rapier of Luhoacha {freeze, rPois rCorr}
 72005 | Vaults:5 | Identified the +8 short sword of Yple {vorpal, Contam rElec
                  | Int-4 Dex+8} (Trog gifted it to you on level 5 of the
                  | Vaults)
 72005 | Vaults:5 | Received a gift from Trog
 72267 | Vaults:5 | Identified the +0 hunting sling of Hashrot {flame, rElec
                  | rC- rCorr Str+4 Dex+4}
 72334 | Vaults:5 | Killed a dread lich
 72758 | Depths:1 | Entered Level 1 of the Depths
 73050 | Depths:1 | Found Pafal's Antique Armour Shoppe.
 73149 | Depths:1 | Bought heavily runed gold dragon scales for 1955 gold
                  | pieces
 73149 | Depths:1 | Identified the +5 gold dragon scales of Soft Rains {rPois
                  | rF+ rC+ Int+4 Dex+3} (You bought it in a shop on level 1 of
                  | the Depths)
 73269 | Depths:1 | Found a one-way gate to the infinite horrors of the Abyss.
 73618 | Depths:1 | Found a gateway to Hell.
 74043 | Depths:1 | Received a gift from Trog
 74590 | Depths:1 | Paralysed by a floating eye for 3 turns
 74600 | Depths:1 | Identified the ring of the Muttering Hero {rF+ Int+4
                  | Stlth+}
 74600 | Depths:1 | Paralysed by a floating eye for 2 turns
 75278 | Depths:1 | Paralysed by a floating eye for 4 turns
 75288 | Depths:1 | Paralysed by a floating eye for 4 turns
 76322 | Depths:2 | Identified the +1 chain mail of Chimes {Drain Int+6 Dex+3}
 76366 | Depths:2 | Identified the +1 chain mail of Inference {rC++ Dex+3
                  | Slay-3 SInv}
 76447 | Depths:2 | Paralysed by an air elemental for 1 turns
 76596 | Depths:2 | Received a gift from Trog
 76598 | Depths:2 | Paralysed by an air elemental for 1 turns
 76736 | Depths:2 | Reached XP level 23. HP: 97/232 MP: 0/19
 77074 | Depths:2 | Noticed a caustic shrike
 77082 | Depths:2 | a caustic shrike changed into an acid blob
 78072 | Depths:3 | Noticed Sojobo
 78101 | Depths:3 | Killed Sojobo
 78910 | Depths:3 | Noticed a juggernaut
 78918 | Depths:3 | Killed a juggernaut
 79384 | Depths:2 | Received a gift from Trog
 79749 | Depths:2 | Cast into level 2 of the Abyss (chaos spawn)
 79765 | Depths:2 | Escaped the Abyss
 80024 | Depths:2 | Noticed a caustic shrike
 80025 | Depths:2 | a caustic shrike changed into an acid blob
 80031 | Depths:2 | Noticed a caustic shrike
 80031 | Depths:2 | an acid blob changed into a caustic shrike
 80037 | Depths:2 | a caustic shrike changed into an iron dragon
 80118 | Depths:2 | Identified the +10 trident "Plog" {antimagic, rF+}
 80147 | Depths:2 | Identified the -4 pair of gloves of Integrity {rPois rF-
                  | Will+ Int+2}
 80234 | Depths:2 | Found a one-way gate leading to the halls of Pandemonium.
 80529 | Depths:2 | Found the +6 Majin-Bo {vamp, MP+6 Int+6}
 80777 | Depths:4 | Entered Level 4 of the Depths
 80859 | Depths:4 | Found a one-way gateway to a ziggurat.
 80988 | Depths:4 | Found a gate to the Realm of Zot.
 81496 | Depths:4 | Noticed the Enchantress
 81530 | Depths:3 | Killed the Enchantress
 81688 | Depths:4 | Received a gift from Trog
 82619 | Zot:1    | Entered Level 1 of the Realm of Zot
 83047 | Elf:1    | Entered Level 1 of the Elven Halls
 83135 | Elf:1    | Found Xibb's Jewellery Shoppe.
 83912 | Elf:1    | Received a gift from Trog
 84054 | Elf:1    | Found Qox Rimy's Book Emporium.
 84054 | Elf:1    | Found Cubluw's Armour Shoppe.
 84055 | Elf:1    | Found Jidaf's Jewellery Emporium.
 84057 | Elf:1    | Found Hithid's Jewellery Shoppe.
 84066 | Elf:1    | Reached skill level 27 in Fighting
 84171 | Elf:1    | Found Bohalac's Magic Scroll Shop.
 84216 | Elf:1    | Bought a scroll of teleportation for 45 gold pieces
 84216 | Elf:1    | Bought 3 scrolls of teleportation for 135 gold pieces
 84216 | Elf:1    | Bought a scroll of blinking for 112 gold pieces
 84666 | Elf:2    | Reached XP level 24. HP: 249/249 MP: 6/19
 84862 | Elf:1    | Bought the +1 robe of Vines {NoPotionHeal Regen++++} for
                  | 1120 gold pieces
 84862 | Elf:1    | Found the +1 robe of Vines {NoPotionHeal Regen++++}
 85117 | Elf:2    | Identified the +10 hand axe "Bepnul" {flame, rF+} (Trog
                  | gifted it to you on level 2 of the Elven Halls)
 85117 | Elf:2    | Received a gift from Trog
 85277 | Elf:2    | Found a runed translucent gate.
 85277 | Elf:2    | Found a runed translucent gate.
 85281 | Elf:2    | Found a runed translucent gate.
 85340 | Elf:2    | Paralysed by an air elemental for 1 turns
 86139 | Elf:2    | Received a gift from Trog
 86790 | Elf:3    | Entered Level 3 of the Elven Halls
 86929 | Elf:3    | Noticed Bai Suzhen
 86930 | Elf:3    | Paralysed by an air elemental for 1 turns
 86951 | Elf:3    | Paralysed by an air elemental for 1 turns
 86955 | Elf:3    | Killed Bai Suzhen
 87385 | Elf:3    | Paralysed by an air elemental for 1 turns
 87995 | Elf:3    | Identified the +5 quarterstaff of Activism {flame, rElec}
                  | (Trog gifted it to you on level 3 of the Elven Halls)
 87995 | Elf:3    | Received a gift from Trog
 88719 | Elf:3    | Identified the ring of the Shining Light {rC+ Dex+6}
 88845 | Elf:3    | Identified the +4 long sword of the Valley {antimagic,
                  | Int+4 Dex+2}
 88845 | Elf:3    | Identified the ring of Giaw {Fly rElec rC+++ Str+4 Dex+4}
 89029 | Elf:3    | Identified the +6 war axe of Disintegration {vorpal, Will+
                  | Int+3}
 89192 | Elf:3    | Identified the +5 chain mail of Okawaru's Respect {rN++
                  | Dex-5}
 89419 | Elf:3    | Received a gift from Trog
 90421 | Slime:1  | Entered Level 1 of the Pits of Slime
 90494 | Slime:1  | Gained mutation: Your mind is acute. (Int +2) [a shining
                  | eye]
 90496 | Slime:1  | Gained mutation: Armour fits poorly on your strangely
                  | shaped body. [a shining eye]
 90619 | Slime:2  | Noticed Dissolution
 90636 | Slime:1  | Paralysed by a floating eye for 3 turns
 91075 | Lair:5   | Killed Dissolution
 92107 | Slime:3  | Received a gift from Trog
 92791 | Slime:5  | Entered Level 5 of the Pits of Slime
 92793 | Slime:5  | Gained mutation: You do not regenerate when monsters are
                  | visible. [a shining eye]
 92798 | Slime:5  | Gained mutation: You have sharp toenails. [a shining eye]
 93407 | Slime:5  | Reached XP level 25. HP: 257/257 MP: 6/19
 93669 | Slime:5  | Noticed the Royal Jelly
 93701 | Slime:4  | Lost mutation: You do not regenerate when monsters are
                  | visible. [potion of mutation]
 93701 | Slime:4  | Lost mutation: You have sharp toenails. [potion of
                  | mutation]
 93701 | Slime:4  | Lost mutation: Your magical capacity is low. (-10% MP)
                  | [potion of mutation]
 93701 | Slime:4  | Gained mutation: You are clumsy. (Dex -2) [potion of
                  | mutation]
 93701 | Slime:4  | Lost mutation: Armour fits poorly on your strangely shaped
                  | body. [potion of mutation]
 94566 | Slime:5  | Killed the Royal Jelly
 94580 | Slime:5  | Killed from afar by an acid blob

Illustrated notes

Levels and vault maps discovered:
D:1:      amcnicky_arrival_gap_in_the_tavern_cellar, layout_loops_corners,
          shapermc_ecumenical_altar_rom_forum, due_unseen_surprise
D:2:      layout_rooms, serial_bayou_pond_d, kennysheep_generic_room_16,
          uniq_jessica, uniq_natasha
D:3:      layout_basic, uniq_robin
D:4:      wad_lake_hut, layout_gridville, minitemple, serial_shops,
          nicolae_shop_statue_plus, grunt_decor_one_mirror,
          minmay_crystal_water, uniq_sigmund, uniq_crazy_yiuf_cottage,
          uniq_edmund
D:5:      layout_gridville
D:6:      layout_basic, mainiacjoe_overflow_six_doors_small,
          mainiacjoe_overflow_catwalk, minmay_overflow_temple_star_quad,
          minmay_temple_entry_gardened_gates, gup_sewer_entry_bubbles
D:7:      layout_basic, gup_ossuary_entry_pyramid, minmay_misc_feat_plants
D:8:      layout_cave_pods, jmf_multi_god_temple2, serial_shops,
          nicolae_shop_behind_doors, nicolae_shop_waterfront, shop, shop,
          nicolae_diamond_shop, grunt_decor_arrowhead, minmay_holes
D:9:      layout_rooms, lair_entry_dummy, enter_bailey_3
D:10:     layout_stronghold, uniq_joseph
D:11:     layout_rooms, portal_ice_cave_demonic_guard
D:12:     layout_irregular_city, orc_0_dummy, serial_shops, shop,
          minmay_misc_feat_five, hangedman_misty_isle
D:13:     layout_long_grid, serial_shops, bzr_firewalk
D:14:     layout_loops_ring, skrybe_vaults_entry_preservation, serial_shops,
          nicolae_shop_statue_plus, elyvilon_altar_3, nicolae_benzene_ring,
          minmay_increasing_density
D:15:     gammafunk_depths_entry_grave, layout_gridville, xom_teletrap_fun
Lair:1:   layout_cave_shapes, uniq_grum
Lair:2:   layout_chaotic_city, grunt_megastairs_3, uniq_fannar
Lair:3:   layout_long_grid, lemuel_fruit_fields, lemuel_fruit_fields
Lair:4:   layout_layer_cave, minmay_shoals_entry_beasts, dummy_spider_entry,
          minivault_25
Lair:5:   layout_cave_pods, slime_altar_1
Lair:6:   hangedman_lair_tendril_chambers, layout_long_grid,
          hangedman_lair_in_review, infiniplex_staircase_pool_2
Shoals:1: layout_shoals
Shoals:2: layout_shoals
Shoals:3: layout_shoals, uniq_roxanne
Shoals:4: shoals_end_hangedman, layout_shoals
Spider:1: layout_spider_delve, spiders_nest_spider_trap
Spider:2: layout_spider_delve
Spider:3: layout_chambers
Spider:4: spider_rune_water, drop_trap
Slime:1:  nicolae_slime_jelly_donut, layout_caves
Slime:2:  layout_caves, uniq_dissolution
Slime:3:  layout_caves
Slime:4:  layout_caves
Slime:5
Orc:1:    layout_diamond_mine
Orc:2:    grunt_orc_gardens, layout_caves, grunt_orc_garden, grunt_orc_garden,
          grunt_orc_garden, grunt_orc_garden, nicolae_volcano_entry_s_turn,
          serial_shops, nicolae_lakefront_shop, mines2_lemuel, uniq_nessos,
          uniq_sonja, uniq_maurice
Elf:1:    eino_elf_arrival_the_gate, layout_loops_cross, serial_shops,
          nicolae_shop_competitors_out_of_business, shop,
          hangedman_elven_crosses_minicolossus, minmay_shoptagon
Elf:2:    nicolae_elf_blades_splatter_lattice
          [nicolae_blade_entry_floor_patterns], layout_loops_corners,
          hangedman_research_quantum
Elf:3:    minmay_elf_hall_not_hex, layout_geoelf_octagon, grunt_megastairs_1,
          uniq_bai_suzhen
Vaults:1: v_alt_pattern_3, nicolae_vaults_statue_guard, v_alt_pattern_6,
          hangedman_vaults_slice, nicolae_vaults_ring_of_whatevers,
          vaults_room_pools, v_pattern_3, hangedman_vaults_trim,
          nicolae_vaults_little_squares_4, v_misc_18, hangedman_vaults_nodes,
          ontoclasm_vaults_gateway, layout_vaults_big_room, serial_shops, shop
Vaults:2: minmay_crypt_entry_simple_box, v_rooms_2, vaults_dpeg_encased_lava,
          ontoclasm_vaults_eye, hangedman_vaults_slither, v_pattern_1,
          ontoclasm_vaults_spin, nicolae_vaults_windows_and_doors_thing,
          v_misc_22, vaults_dpeg_cross, ontoclasm_vaults_pinch,
          vaults_dpeg_hooks, vaults_room_pool, layout_vaults_maze_snakey,
          serial_shops, nicolae_shop_statue_plus
Vaults:3: vaults_room_fours, st_greater_box_3, nicolae_vaults_network_s,
          vaults_room_hallway, v_rooms_1, nicolae_vaults_asterisk,
          grunt_vaults_funnel, v_misc_15, layout_vaults_omnigrid, uniq_jory,
          uniq_nikola
Vaults:4: ontoclasm_vaults_gallery, hangedman_vaults_trim,
          nicolae_vaults_little_ls, ontoclasm_vaults_ring_small,
          ontoclasm_vaults_misaligned, v_misc_5, vaults_room_hallway,
          ontoclasm_vaults_ring_small, layout_vaults_omnicross, uniq_mara,
          uniq_aizul
Vaults:5: serial_shops
Depths:1: hangedman_box_tower, layout_small_grid, hangedman_decor_lopped,
          serial_shops, nicolae_shop_stone, hell_entry, abyss_entry,
          chequers_serial_rivers_small_3, hangedman_aviary
Depths:2: radiant_caverns_b_rkd, pan_entry, hell_entry
Depths:3: cheibrodos_hall_of_evolution, layout_honeycomb,
          grunt_hell_entry_dis_grunt, minmay_misc_feat_cross, abyss_entry,
          uniq_sojobo
Depths:4: grunt_zot_entry_funnels, layout_cave_pools, enter_ziggurat_d,
          abyss_entry, grunt_pan_entry_spiral, pf_coc_iceberg,
          minmay_misc_feat_diagonals, serial_bayou_shore_b, uniq_enchantress
Zot:1:    layout_gridlike, st_stairs_6, grunt_ministairs_12

Skill      XL: |  1  2  3  4  5  6  7  8  9 10 11 12 13 14 15 16 17 18 19 20 21 22 23 24 25 |
---------------+----------------------------------------------------------------------------+-----
Axes           | 4 5 6 7 8 9 11 12 14 15 16 17 18 | 18.3
Shields        | 1 2 3 4 5 6 8 9 11 13 15 17 19 21 23 25 27 | 27.0
Fighting       | 4 5 6 7 8 9 11 12 14 15 16 17 19 20 22 24 27 | 27.0
Evocations     | 1 2 3 4 5 6 7 8 9 10 11 12 13 14 15 16 17 18 | 18.8
Armour         | 3 5 7 8 9 11 12 13 14 15 16 17 18 19 20 22 25 26 | 26.1
Stealth        | 1 2 |  2.1
Dodging        | |  2.1

Action                   |  1- 3 |  4- 6 |  7- 9 | 10-12 | 13-15 | 16-18 | 19-21 | 22-24 | 25-27 || total
-------------------------+-------+-------+-------+-------+-------+-------+-------+-------+-------++-------
Melee: Hand axe          |    84 |   110 |   252 |       |       |       |       |       |       ||   446
       Headbutt          |    13 |    16 |    78 |   102 |   236 |   334 |   370 |   580 |    55 ||  1784
       Punch             |       |     1 |     4 |    10 |       |       |       |       |       ||    15
       War axe           |       |       |   205 |   131 |       |       |       |       |       ||   336
       Broad axe         |       |       |       |   326 |  1014 |  1348 |  1312 |  1901 |   114 ||  6015
       Unarmed           |       |       |       |       |       |       |       |     1 |       ||     1
Invok: Berserk           |     1 |     4 |     5 |    12 |    12 |     7 |    13 |    16 |     2 ||    72
       Trog's Hand       |       |       |       |     1 |     4 |     1 |     7 |     2 |     1 ||    16
       Brothers in Arms  |       |       |       |       |       |       |     1 |       |       ||     1
Evoke: Wand              |       |       |       |     5 |     3 |    22 |    10 |       |       ||    40
       Tin of tremorston |       |       |       |       |       |       |     1 |       |     1 ||     2
       Condenser vane    |       |       |       |       |       |       |     1 |       |       ||     1
  Use: Scroll            |       |     2 |     7 |     6 |    24 |     7 |    18 |    11 |     4 ||    79
       Potion            |       |       |     1 |     3 |     5 |     3 |    13 |     3 |     3 ||    31
 Stab: Paralysed         |       |       |       |     4 |       |       |     4 |       |       ||     8
Armor: Animal skin       |    20 |    14 |     5 |       |       |       |       |       |       ||    39
       Chain mail        |       |       |   166 |   197 |       |       |       |       |       ||   363
       Crystal plate arm |       |       |       |    96 |   549 |   735 |   408 |    52 |       ||  1840
       Gold dragon scale |       |       |       |       |       |       |       |   523 |    50 ||   573
       Skin              |       |       |       |       |       |       |       |     1 |       ||     1
Dodge: Dodged            |    68 |    56 |   152 |   193 |   180 |   230 |   136 |   201 |    19 ||  1235
Block: Other             |       |       |    84 |   100 |       |       |       |     1 |       ||   185
       Reflection        |       |       |     1 |     5 |    31 |    71 |   104 |    82 |     5 ||   299
       Buckler           |       |       |       |    92 |   132 |       |       |       |       ||   224
       Kite shield       |       |       |       |       |   648 |  1350 |   755 |       |       ||  2753
       Tower shield      |       |       |       |       |       |       |   339 |  1795 |   156 ||  2290
